 Dungeon Crawl Stone Soup version 0.31-a0-803-g95b03c3367 (webtiles) character file.

Game seed: 10255092941526699796

98 Dirtsage the Chopper (level 4, -2/52 HPs)
             Began as a Demonspawn Fighter on Sept 21, 2023.
             Slain by an adder (3 damage)
             ... on level 2 of the Dungeon.
             The game lasted 00:02:50 (1440 turns).

Dirtsage the Chopper (Demonspawn Fighter)           Turns: 1440, Time: 00:02:50

Health: -2/52      AC: 22    Str: 18    XL:     4   Next: 44%
Magic:  4/4        EV:  2    Int: 10    God:
Gold:   20         SH:  4    Dex: 12    Spells: 3/3 levels left

rFire   . . .        l - +2 dagger (venom)
rCold   . . .        c - +0 buckler
rNeg    . . .        b - melded +0 scale mail
rPois   +            (helmet currently unavailable)
rElec   .            (cloak currently unavailable)
rCorr   .            h - melded +0 pair of gloves
SInv    .            g - melded +0 pair of boots
Will    .....        (no amulet)
Stlth   +            (no ring)
HPRegen 0.28/turn    (no ring)
MPRegen 0.09/turn

%: no passive effects
@: lethally poisoned (-2 -> -4), tree-form
A: stationary, stasis, torment immunity, boosted hp, demonic guardian 1, (sturdy
frame 1)
a: no special abilities


You were on level 2 of the Dungeon.
You were a tree.
You visited 1 branch of the dungeon, and saw 2 of its levels.

You collected 60 gold pieces.
You spent 40 gold pieces at shops.

Inventory:

Hand Weapons
 a - a +0 war axe
 l - a +2 dagger of venom (weapon)
Armour
 b - a +0 scale mail (melded)
 c - a +0 buckler (worn)
 g - a +0 pair of boots (melded)
 h - a +0 pair of gloves (melded)
Scrolls
 f - a scroll of teleportation {unknown}
 i - 6 scrolls of identify
 k - a scroll of noise {unknown}
Potions
 d - a potion of might
 e - a potion of curing {unknown}
 m - a potion of mutation {unknown}
 n - a potion of attraction {unknown}
 o - a potion of enlightenment {unknown}
 p - a potion of haste {unknown}


   Skills:
 - Level 3.0 Fighting
 + Level 4.3 Axes
 - Level 2.6 Armour
 - Level 2.6 Shields


You had 3 spell levels left.
You didn't know any spells.
Your spell library contained the following spells:

 Spells                   Type           Power      Damage    Failure   Level
 Necrotise                Necr           0%         1d4       43%         1
 Static Discharge         Conj/Air       0%         2-2/arc   58%         2
 Vampiric Draining        Necr           0%         2d6       82%         3
 Airstrike                Air            0%         2d(0-16)  99%         4
 Summon Lightning Spire   Summ/Air       0%         N/A       99%         4
 Agony                    Necr           0%         N/A       100%        5


Dungeon Overview and Level Annotations

Branches:
Dungeon (2/15)

Altars:

Shops:
D:2 ?=


Innate Abilities, Weirdness & Mutations

You are a tree.
Your roots penetrate the ground, keeping you stationary.
You cannot be teleported.
You are immune to unholy pain and torment.
Your maximum health is greatly increased.
Your equipment is partially melded.
A weak demonic guardian rushes to your aid.
((Your movements are slightly less encumbered by armour. (ER -2)))


Message History

You now have 8/52 hp.
You hit the adder.
You kill the adder!
You feel sick. The bat hits you but does no damage. x2
You closely miss the bat.
You feel sick. The bat hits you but does no damage. x2
You take 1 damage, and have 7/52 hp.
You barely miss the bat.
You feel sick. The bat hits you but does no damage. x2
You take 1 damage, and have 6/52 hp.
You hit the bat.
The bat is moderately wounded.
You feel sick.
You are no longer poisoned.
The bat barely misses you.
You take 1 damage, and have 5/52 hp.
You hit the bat.
The bat is poisoned.
The bat is moderately wounded.
The bat hits you but does no damage.
You hit the bat.
You kill the bat!
You barely miss the adder. The adder barely misses you.
The adder bites you but does no damage.
You closely miss the adder. The adder bites you but does no damage.
You barely miss the adder. The adder bites you.
* * * LOW HITPOINT WARNING * * *
A demonic guardian appears!
You are lethally poisoned!
The adder poisons you!
You take 1 damage, and have 5/52 hp.
You closely miss the adder.
* * * LOW HITPOINT WARNING * * *
You feel sick.
The adder bites you but does no damage. x2
You take 2 damage, and have 3/52 hp.
You miss the adder.
* * * LOW HITPOINT WARNING * * *
You feel sick. You block the adder's attack.
You hit the adder.
The adder is moderately wounded.
* * * LOW HITPOINT WARNING * * *
You feel sick. The adder bites you but does no damage. The adder bites you.
You die...

#..###............##
####..##...........##
.).....####..###.###
####....####..##.##
###............##
##(...##......#
##...#####...# ##>.#
#5### ##.# #♣# #...
#S# #.#.. #g# #.##.
#b# .. ....# ..# ....
.... .....


You could see an adder (ally target), a hobgoblin, a bat and a friendly iron imp
(summoned).

Vanquished Creatures
  An orc wizard (D:2)
  2 adders (D:2)
  A worm (D:2)
  2 dart slugs
  2 orcs (D:2)
  3 ball pythons (D:2)
  6 endoplasms
  7 goblins
  3 hobgoblins (D:1)
  3 jackals (D:1)
  3 quokkas (D:1)
  5 bats
  3 frilled lizards (D:1)
  A kobold (D:1)
  2 rats (D:1)
44 creatures vanquished.

Notes
Turn   | Place    | Note
-------+----------+-------------------------------------------
     0 | D:1      | Dirtsage the Demonspawn Fighter began the quest for the
                  | Orb.
     0 | D:1      | Reached XP level 1. HP: 18/18 MP: 1/1
   111 | D:1      | Reached skill level 2 in Axes
   231 | D:1      | Gained mutation: A weak demonic guardian rushes to your
                  | aid. [demonic ancestry]
   231 | D:1      | Reached XP level 2. HP: 24/24 MP: 2/2
   431 | D:1      | Reached skill level 3 in Axes
   814 | D:1      | Reached XP level 3. HP: 28/29 MP: 3/3
   949 | D:2      | HP: 2/43 [poisoned by a goblin]
  1172 | D:2      | Found Reqir's Magic Scroll Shoppe.
  1226 | D:2      | Bought a scroll of identify for 20 gold pieces
  1226 | D:2      | Bought a scroll of identify for 20 gold pieces
  1366 | D:2      | Found Romner's Jewellery Boutique.
  1420 | D:2      | Reached skill level 4 in Axes
  1420 | D:2      | Gained mutation: Your movements are slightly less
                  | encumbered by armour. (ER -2) [demonic ancestry]
  1420 | D:2      | Reached XP level 4. HP: 16/35 MP: 4/4
  1440 | D:2      | HP: 1/52 [poisoned by an adder]
  1440 | D:2      | Slain by an adder

Illustrated notes

Levels and vault maps discovered:
D:1:      matt_arrival_refuge, layout_basic
D:2:      layout_rooms, serial_shops, nicolae_shop_real_fake_doors,
          nicolae_shop_gibbet_a_chance, shop, uniq_crazy_yiuf_cottage,
          uniq_robin

Skill      XL: |  1  2  3 |
---------------+----------+-----
Axes           | 2 3 4 |  4.3
Fighting       | |  3.0
Armour         | |  2.6
Shields        | |  2.6

Action                     |  1- 3 |  4- 6 || total
---------------------------+-------+-------++-------
  Melee: War axe           |    80 |       ||    80
         Dagger            |    65 |    19 ||    84
    Use: Potion            |     1 |     1 ||     2
 Armour: Scale mail        |   100 |     6 ||   106
         Skin              |     4 |    15 ||    19
  Dodge: Dodged            |    54 |     6 ||    60
  Block: Buckler           |    38 |     1 ||    39

Table legend: (Time is in decaauts)
 A = Elapsed time spent in this place.
 B = Non-inter-level travel time spent in this place.
 C = Inter-level travel time spent in this place.
 D = Time resting spent in this place.
 E = Time spent auto-exploring this place.
 F = Levels seen in this place.
 G = Mean time per level.
                   A        B        C        D        E       F      G
               +--------+--------+--------+--------+--------+-----+--------+
         Total |   1473 |   1457 |     16 |    118 |   1007 |   2 |  736.5 |
       Dungeon |   1473 |   1457 |     16 |    118 |   1007 |   2 |  736.5 |
               +--------+--------+--------+--------+--------+-----+--------+

Top non-repeatable levels by time:
     D:1: 948 daAuts
     D:2: 524 daAuts
